 Dungeon Crawl Stone Soup version 0.29.1-15-g9cfb28693d (webtiles) character file.

Game seed: 17302715918643030493

2541 Heoruswealwe the Thaumaturge (level 9, -4/45 HPs)
             Began as a Deep Elf Summoner on Mar 4, 2023.
             Was a Follower of Sif Muna.
             Slain by a wight
             ... wielding a +3 long sword
              (12 damage)
             ... on level 7 of the Dungeon.
             The game lasted 01:00:21 (6338 turns).

Heoruswealwe the Thaumaturge (Deep Elf Summoner)    Turns: 6338, Time: 01:00:23

Health: -4/45      AC:  2    Str:  5    XL:     9   Next: 30%
Magic:  21/27      EV: 12    Int: 25    God:    Sif Muna [*.....]
Gold:   260        SH:  0    Dex: 15    Spells: 28/32 levels left

rFire   . . .      SeeInvis .   E - +2 short sword (venom)
rCold   . . .      Faith    .   (no shield)
rNeg    . . .      Spirit   .   a - +0 robe
rPois   .          Reflect  .   (no helmet)
rElec   .          Harm     .   (no cloak)
rCorr   .          Rampage  .   (no gloves)
Will    .....                   (no boots)
Stlth   ++........              (no amulet)
HPRegen 0.15/turn               (no ring)
MPRegen 0.20/turn               (no ring)

@: no status effects
A: no striking features
a: Renounce Religion, Channel Magic


You were on level 7 of the Dungeon.
You worshipped Sif Muna.
Sif Muna was aware of your devotion.
You visited 2 branches of the dungeon, and saw 8 of its levels.

You collected 260 gold pieces.

Inventory:

Hand Weapons
 q - a +2 spear of venom
 E - a +2 short sword of venom (weapon)
 L - a +2 whip of freezing
 R - a +0 falchion
 S - a +0 trident
 V - a +0 club
 X - a +0 club
 Y - a +0 dagger
 Z - a +0 dagger
Missiles
 i - 53 stones
 o - 4 poisoned darts
 t - 4 atropa-tipped darts
 P - 6 boomerangs
Armour
 a - a +0 robe (worn)
 h - a +0 leather armour
 k - a +0 robe
 r - a +0 scale mail
 s - a +0 robe
 y - a +0 ring mail
 H - a +0 robe
 J - a +0 robe
 T - a +0 leather armour
 U - a +0 ring mail of willpower
Wands
 z - a wand of digging (8)
 A - a wand of polymorph (8)
 I - a wand of roots (9)
 M - a wand of mindburst (20)
Scrolls
 c - a scroll of fog {unknown}
 d - a scroll of brand weapon {unknown}
 f - a scroll of amnesia {unknown}
 g - a scroll of noise {unknown}
 u - 3 scrolls of silence {unknown}
 x - 2 scrolls of enchant weapon {unknown}
 B - 2 scrolls of immolation {unknown}
 C - a scroll of identify
 G - a scroll of teleportation {unknown}
 K - 2 scrolls of enchant armour {unknown}
 N - 2 scrolls of poison {unknown}
 W - 3 scrolls of blinking {unknown}
Potions
 b - 2 potions of magic
 e - a potion of might
 j - a potion of resistance
 l - 2 potions of ambrosia
 m - 6 potions of curing {unknown}
 n - a potion of heal wounds
 p - 2 potions of flight
 v - 2 potions of degeneration
 w - a potion of brilliance
 D - a potion of invisibility
 F - a potion of mutation {unknown}


   Skills:
 - Level 2.4 Dodging
 - Level 2.4 Stealth
 + Level 12.0 Spellcasting
 + Level 10.7 Summonings


You had 28 spell levels left.
You knew the following spells:

 Your Spells              Type           Power      Damage    Failure   Level
a - Summon Small Mammal   Summ           100%       N/A       1%          1
b - Call Canine Familiar  Summ           62%        N/A       1%          3

Your spell library contained the following spells:

 Spells                   Type           Power      Damage    Failure   Level
 Call Imp                 Summ           62%        N/A       1%          2
 Summon Guardian Golem    Hex/Summ       41%        N/A       1%          3
 Summon Lightning Spire   Summ/Air       41%        N/A       4%          4
 Blink                    Tloc           30%        N/A       6%          2
 Ensorcelled Hibernation  Hex/Ice        30%        N/A       6%          2
 Passwall                 Tmut/Erth      12%        N/A       6%          2
 Lesser Beckoning         Tloc           15%        N/A       12%         3
 Spider Form              Tmut/Pois      15%        N/A       12%         3
 Swiftness                Air            15%        N/A       12%         3
 Anguish                  Hex/Necr       7%         N/A       36%         4
 Manifold Assault         Tloc           15%        N/A       73%         5


Dungeon Overview and Level Annotations

Branches:
Dungeon (7/15)             Temple (1/1) D:4

Altars:
Ashenzari
Cheibriados
Elyvilon
Fedhas
Kikubaaqudgha
Makhleb
Nemelex Xobeh
Qazlal
Ru
Sif Muna
Trog
Uskayaw
Vehumet
Wu Jian
Xom
The Shining One
Lugonu

Portals:
Abyss: D:5


Message History

You are too injured to fight recklessly!
Casting: Call Canine Familiar (safe; 1% risk of failure)
Confirm with . or Enter, or press ? or * to list all spells.
Your warg barely misses the wight.
Your warg barely misses the wight.
Your warg barely misses the wight.
Your warg bites the wight!
The wight barely misses your warg.
Your warg barely misses the wight.
Your warg closely misses the wight.
The wight hits your warg with a +6 battleaxe.
Your warg closely misses the wight.
Your warg bites the wight.
The wight barely misses your warg.
There is an open door here.
Your warg barely misses the wight.
The wight hits your warg with a +4 morningstar!
Your warg barely misses the wight.
The wight hits your warg with a +4 morningstar.
Your warg bites the wight but does no damage.
The wight closely misses your warg.
Your warg bites the wight but does no damage.
Your warg bites the wight!
Your warg closely misses the wight.
The wight hits your warg with a +4 morningstar!
Your warg bites the wight!
The wight is destroyed!
Sif Muna accepts your kill. The wight closely misses your warg.
Your Spellcasting skill increases to level 12!
Your warg barely misses the wight. x2
Your warg barely misses the wight.
The wight hits your warg with a +6 battleaxe!
Your warg dies!
Your warg's corpse disappears in a puff of smoke!
You hit the wight.
The wight is almost destroyed.
Your warg barely misses the wight.
The wight hits you with a +6 battleaxe!
* * * LOW HITPOINT WARNING * * *
The wight completely misses your warg.
The wight hits you with a +3 long sword!
You die...

#######....# #....
##...######.#### ##...
#...........#..## #.).
#...............# ##...
#...............# #....
#...............# #....
####..###..###.###### ###..
#######..####.....########..
#..........@zh#.........'..)
#...........z.#.........#...
#............)'.........#...
#.............#.........#...
##...####.###.###..###..##..
####'########.###..#########
#........................#
#..................z.....#
#..................h.....#


You could see 2 wights and a friendly warg (summoned).

Vanquished Creatures
  A lemure (D:6)
  2 adders
  A white imp (D:6)
  2 orcs (D:5)
  A ball python (D:2)
  An endoplasm (D:3)
  A goblin (D:3)
  A hobgoblin (D:1)
  5 bats
  3 kobolds
  2 rats
20 creatures vanquished.

Vanquished Creatures (collateral kills)
  Pikel (D:6)
  A wraith (D:5)
  Sigmund (D:6)
  An acid dragon (D:5)
  Duvessa (D:4)
  A water moccasin (D:6)
  An ogre (D:6)
  A centaur (D:7)
  2 bullfrogs
  A scorpion (D:5)
  7 wights
  Dowan (D:4)
  A howler monkey (D:6)
  7 hounds
  2 jellies
  Jessica (D:2)
  4 iguanas
  2 orc wizards
  9 adders
  A white imp (D:6)
  2 worms
  2 dart slugs
  17 orcs
  3 ball pythons
  8 endoplasms
  2 giant cockroaches
  7 goblins
  6 hobgoblins
  3 jackals (D:2)
  2 quokkas (D:3)
  3 bats
  A frilled lizard (D:2)
  6 kobolds
  3 rats
  A lurking horror (D:5)
112 creatures vanquished.

Grand Total: 132 creatures vanquished

Notes
Turn   | Place    | Note
-------+----------+-------------------------------------------
     0 | D:1      | Heoruswealwe the Deep Elf Summoner began the quest for the
                  | Orb.
     0 | D:1      | Reached XP level 1. HP: 10/10 MP: 6/6
   186 | D:1      | Reached XP level 2. HP: 15/15 MP: 5/8
   546 | D:1      | Reached skill level 4 in Spellcasting
   641 | D:1      | Reached skill level 5 in Summonings
   641 | D:1      | Reached XP level 3. HP: 19/19 MP: 8/10
  1173 | D:2      | Learned a level 3 spell: Call Canine Familiar
  1245 | D:2      | Reached XP level 4. HP: 24/24 MP: 6/12
  1456 | D:2      | Reached skill level 5 in Spellcasting
  1548 | D:2      | Noticed Jessica
  1557 | D:2      | Killed Jessica
  1771 | D:2      | Reached XP level 5. HP: 28/28 MP: 14/14
  2238 | D:3      | Found a faded altar of an unknown god.
  2252 | D:3      | Prayed at the altar of an unknown god.
  2252 | D:3      | Became a worshipper of Uskayaw the Reveller
  2252 | D:3      | Reached * piety under Uskayaw
  2253 | D:3      | Fell from the grace of Uskayaw
  3040 | D:3      | Reached skill level 6 in Spellcasting
  3507 | D:4      | Found an ancient bone altar of Kikubaaqudgha.
  3532 | D:4      | Noticed Dowan
  3533 | D:4      | Noticed Duvessa
  3544 | D:4      | Killed Duvessa
  3545 | D:4      | Reached XP level 6. HP: 32/32 MP: 15/17
  3545 | D:4      | Killed Dowan
  3546 | D:4      | Found a glowing golden altar of the Shining One.
  3616 | D:4      | Found a staircase to the Ecumenical Temple.
  3626 | D:4      | Reached skill level 7 in Spellcasting
  3647 | Temple   | Entered the Ecumenical Temple
  3913 | Temple   | Became a worshipper of Sif Muna the Loreminder
  4017 | D:5      | Entered Level 5 of the Dungeon
  4220 | D:5      | Reached XP level 7. HP: 36/36 MP: 19/19
  4275 | D:5      | Found a one-way gate to the infinite horrors of the Abyss.
  4275 | D:5      | Found a corrupted altar of Lugonu.
  4625 | D:5      | Reached skill level 8 in Spellcasting
  4896 | D:5      | Noticed a wraith
  4937 | D:5      | Killed a wraith
  4977 | D:5      | Reached skill level 9 in Spellcasting
  5083 | D:5      | Reached XP level 8. HP: 41/41 MP: 20/23
  5146 | D:6      | Reached * piety under Sif Muna
  5189 | D:6      | Found a broken altar of Ashenzari.
  5406 | D:6      | Noticed Sigmund
  5417 | D:6      | Killed Sigmund
  5418 | D:6      | Reached skill level 10 in Spellcasting
  5614 | D:6      | Noticed Pikel
  5654 | D:6      | Killed Pikel
  5655 | D:6      | Reached skill level 11 in Spellcasting
  5655 | D:6      | Reached skill level 10 in Summonings
  5655 | D:6      | Reached XP level 9. HP: 17/45 MP: 21/26
  6335 | D:7      | Reached skill level 12 in Spellcasting
  6338 | D:7      | Slain by a wight

Illustrated notes

Levels and vault maps discovered:
D:1:      heliophobic_arrival_dark_side_of_the_moon, layout_loops_ring
D:2:      layout_loops_ring, uniq_jessica
D:3:      layout_basic, serial_rivers, chequers_serial_rivers_small_3,
          chequers_serial_rivers_micro_d, chequers_serial_rivers_micro_d,
          chequers_serial_rivers_large_a, chequers_serial_rivers_room_a,
          basic_ecumenical_altar
D:4:      layout_rooms, nicolae_kikubaaqudgha_miasma_corner,
          mainiacjoe_overflow_surrounded_room, minmay_temple_entry_hall,
          chequers_serial_rivers_marsh, minmay_misc_feat_cross,
          minmay_misc_feat_encased, uniq_duvessa
D:5:      layout_gridville, amcnicky_altar_lugonu_corruption
D:6:      layout_basic, mainiacjoe_overflow_boulevard, corexii_hall_statues_x,
          uniq_sigmund, uniq_pikel
D:7:      layout_gridville, minivault_19
Temple:   oiseaux_autumnal_temple

Skill      XL: |  1  2  3  4  5  6  7  8  9 |
---------------+----------------------------+-----
Spellcasting   | 4 5 6 7 9 11 12 | 12.0
Summonings     | 5 6 7 8 10 | 10.7
Dodging        | |  2.4
Stealth        | |  2.4

Action                   |  1- 3 |  4- 6 |  7- 9 || total
-------------------------+-------+-------+-------++-------
Melee: Spear             |    12 |       |       ||    12
       Dagger            |     6 |       |       ||     6
       Short sword       |       |    18 |    31 ||    49
       Punch             |       |       |     1 ||     1
 Cast: Summon Small Mamm |    20 |       |       ||    20
       Call Canine Famil |     2 |    20 |    25 ||    47
Invok: Renounce Religion |       |     1 |       ||     1
  Use: Scroll            |       |     4 |     3 ||     7
 Stab: Sleeping          |       |     3 |       ||     3
Armor: Robe              |     3 |     9 |     4 ||    16
Dodge: Dodged            |    17 |    19 |    37 ||    73
